cohdb
Replays
Latest Replays
All Replays
Popular Replays
Top Player Replays
Match Explorer
How It Works
Community
CoH3 Stats
Reddit
Sign in to upload your games and track your stats! →
Sign in with Steam
Match 45348882
Unlisted
Match 45348882
Overview
Messages
Build Orders
End
Panzergrenadier Squad
250 Light Carrier
Panzergrenadier Squad
Construct Light Support Kompanie
Combat Half-tracks
Fire Support Elements
Panzergrenadier Squad
Flakvierling Half-track
Vehicle Survival Package
Selects Armored Support Battlegroup
Selects Salvage Kits
Selects Veteran Gunners
2.5-tonne Medical Truck
Construct Panzerarmee Kommand
Selects Panzer Storm
Armored Reserves
Emergency Repair Kits
Rapid Advance
Der schöne Bob
Smartie
Huzi
gunther09 Nürnberg
gimme_hamboiger
MuspellheimR
Gandhi
downward horrendous
0
0
Comments
sign in to comment!
No comments posted yet!